 Dungeon Crawl Stone Soup version 0.32-a0-886-g41c5271027 (webtiles) character file.

Game seed: 8352842227180091789

106 Revguard the Ducker (level 4, -2/51 HPs)
             Began as a Demonspawn Gladiator on Apr 2, 2024.
             Was a Follower of Ru.
             Succumbed to a water moccasin's poison
             ... on level 3 of the Dungeon.
             The game lasted 00:07:06 (2162 turns).

Revguard the Ducker (Demonspawn Gladiator)          Turns: 2162, Time: 00:07:07

Health: -2/51      AC: 22    Str: 14    XL:     4   Next: 55%
Magic:  4/4        EV:  2    Int:  9    God:    Ru [*.....]
Gold:   120        SH:  0    Dex: 16    Spells: 3/3 levels left

rFire   . . .        t - +0 war axe
rCold   . . .        (no shield)
rNeg    . . .        v - melded +0 ring mail
rPois   +            c - melded +0 helmet
rElec   .            (cloak currently unavailable)
rCorr   .            p - melded +0 pair of gloves
SInv    .            (boots currently unavailable)
Will    .....        (no amulet)
Stlth   ++           (no ring)
HPRegen 0.28/turn    (no ring)
MPRegen 0.09/turn

%: no passive effects
@: lethally poisoned (-2 -> -23), tree-form, invisible
A: stationary, stasis, torment immunity, boosted hp, demonic guardian 1, no
conjurations magic, no fire magic, no hexes magic, (demonic touch 1)
a: Renounce Religion


You were on level 3 of the Dungeon.
You worshipped Ru.
Ru was aware of your devotion.
You were a tree.
You visited 1 branch of the dungeon, and saw 3 of its levels.

You collected 120 gold pieces.

Inventory:

Hand Weapons
 a - a +0 long sword
 t - a +0 war axe (weapon)
Missiles
 e - a javelin
Armour
 b - a +0 leather armour
 c - a +0 helmet (melded)
 p - a +0 pair of gloves (melded)
 v - a +0 ring mail (melded)
Scrolls
 j - a scroll of blinking {unknown}
 k - a scroll of enchant armour {unknown}
 l - a scroll of revelation {unknown}
 m - 2 scrolls of identify {unknown}
 n - a scroll of amnesia {unknown}
 q - a scroll of poison {unknown}
 s - a scroll of vulnerability {unknown}
Potions
 f - a potion of magic {unknown}
 g - a potion of ambrosia {unknown}
 h - 3 potions of lignification
 i - a potion of attraction {unknown}
 o - a potion of mutation {unknown}
 u - a potion of heal wounds {unknown}


   Skills:
 + Level 2.5 Fighting
 - Level 3.0 Long Blades
 + Level 0.5 Axes
 - Level 1.7 Throwing
 + Level 1.4 Armour
 + Level 3.2 Dodging
 + Level 1.2 Stealth
 + Level 1.3 Evocations


You had 3 spell levels left.
You didn't know any spells.
Your spell library contained the following spells:

 Spells                   Type           Power      Damage    Failure   Level
 Maxwell's Portable Pile  Tloc           0%         2d(5-13)  77%         3
 Maxwell's Capacitive Co  Air            0%         ∞         100%        8
 Arcjolt                  Conj/Air       Unusable   1d10      N/A         5

Dungeon Overview and Level Annotations

Branches:
Dungeon (3/15)

Altars:
Ru

Shops:
D:2 :[*

Annotations:
D:3 3 runed translucent doors, BuckBreaker's ghost, amateur FoFi; P0WERM0DE's ghost, amateur CoCK; Snowmansir's ghost, amateur DgFE; balagan2's ghost, amateur GnHs; onwiheg's ghost, amateur FoFi


Innate Abilities, Weirdness & Mutations

You are a tree.
Your roots penetrate the ground, keeping you stationary.
You cannot be teleported.
You are immune to unholy pain and torment.
Your maximum health is greatly increased.
Your equipment is partially melded.
A weak demonic guardian rushes to your aid.
You cannot study or cast Conjurations magic.
You cannot study or cast Fire magic.
You cannot study or cast Hexes magic.
((Your touch may inflict minor irresistible damage on your foes.))


Message History

You feel sick.
The water moccasin struggles against the net. x2
You completely miss the water moccasin.
The water moccasin is moderately wounded.
You feel very sick.
The water moccasin struggles against the net.
The net rips apart, and the water moccasin comes free!
You miss the water moccasin.
You touch the water moccasin!
The water moccasin is heavily wounded.
You feel sick. The water moccasin closely misses you.
The water moccasin completely misses you.
Throw: throwing net
Press: ? - help, Q - select action, (/) - cycle Shift-Dir - straight line, f/p - water moccasin
Aim: a water moccasin (heavily wounded, 38% to hit)
You throw a throwing net.
The throwing net closely misses the water moccasin.
You feel sick. The water moccasin closely misses you.
The water moccasin bites you.
You are more poisoned.
The water moccasin poisons you!
You miss the water moccasin.
The water moccasin is heavily wounded.
You feel very sick. The water moccasin bites you.
* * * LOW HITPOINT WARNING * * *
You are more poisoned.
The water moccasin poisons you! The water moccasin bites you.
* * * LOW HITPOINT WARNING * * *
A demonic guardian appears!
It was a potion of lignification.
You turn into a tree.
Your +0 helmet melds into your body.
Your +0 pair of gloves melds into your body.
Your +0 ring mail melds into your body.
Your roots penetrate the ground.
* * * LOW HITPOINT WARNING * * *
You feel very sick.
The water moccasin bites you but does no damage.
It was a potion of invisibility.
You fade into invisibility!
You die...
Ru respects your ultimate sacrifice.

#.####.### #.####..>##
#.####.........#######
#.....#######........##
#####...# ###.####...
#####.# #...#####
##...#.# ###.....#
#....#.# #####..
#(..S♣5# ##.
#........#### ####
>..#####.....# ###... .
##.##.######...##
#..#.#..........
#.#.#.###..####
#####....).†..#####
#......#####.....##
...####.......###...


You could see a water moccasin (unable to see you, ally target) and a friendly
iron imp (summoned).

Vanquished Creatures
  Jessica (D:3)
  An adder (D:2)
  A gnoll (D:1)
  A dart slug (D:1)
  2 ribbon worms (D:2)
  7 ball pythons
  2 endoplasms
  2 giant cockroaches
  9 goblins
  6 hobgoblins
  4 jackals (D:1)
  2 kobolds
  2 quokkas
  3 bats (D:1)
  3 frilled lizards
  3 rats
49 creatures vanquished.

Vanquished Creatures (collateral kills)
  A rat (D:1)
1 creature vanquished.

Grand Total: 50 creatures vanquished

Notes
Turn   | Place    | Note
-------+----------+-------------------------------------------
     0 | D:1      | Revguard the Demonspawn Gladiator began the quest for the
                  | Orb.
     0 | D:1      | Reached XP level 1. HP: 16/16 MP: 1/1
    91 | D:1      | Found a faded altar of an unknown god.
    97 | D:1      | Prayed at the altar of an unknown god.
    97 | D:1      | Became a worshipper of Ru the Awakened
   117 | D:1      | Gained mutation: You cannot study or cast Fire magic. [Ru
                  | sacrifice]
   117 | D:1      | Gained mutation: You cannot study or cast Hexes magic. [Ru
                  | sacrifice]
   117 | D:1      | Gained mutation: You cannot study or cast Conjurations
                  | magic. [Ru sacrifice]
   117 | D:1      | Reached * piety under Ru
   181 | D:1      | Gained mutation: A weak demonic guardian rushes to your
                  | aid. [demonic ancestry]
   181 | D:1      | Reached XP level 2. HP: 22/22 MP: 2/2
   739 | D:1      | Reached XP level 3. HP: 12/27 MP: 3/3
  1226 | D:2      | Reached skill level 1 in Armour
  1269 | D:2      | Reached skill level 1 in Evocations
  1344 | D:2      | Found Arukkib's Assorted Antiques.
  1349 | D:2      | Reached skill level 1 in Stealth
  1573 | D:2      | Found Tyofuabe's Book Boutique.
  1821 | D:2      | Found Gitzathro's Armour Emporium.
  1873 | D:3      | Noticed Jessica
  1877 | D:3      | Killed Jessica
  1878 | D:3      | Gained mutation: Your touch may inflict minor irresistible
                  | damage on your foes. [demonic ancestry]
  1878 | D:3      | Reached XP level 4. HP: 29/34 MP: 4/4
  1956 | D:3      | Noticed a water moccasin
  2065 | D:3      | Found a runed translucent gate.
  2066 | D:3      | Found a runed translucent gate.
  2067 | D:3      | Found a runed translucent gate.
  2068 | D:3      | Noticed P0WERM0DE's ghost (amateur CoCK)
  2068 | D:3      | Noticed BuckBreaker's ghost (amateur FoFi)
  2068 | D:3      | Noticed Snowmansir's ghost (amateur DgFE)
  2068 | D:3      | Noticed onwiheg's ghost (amateur FoFi)
  2068 | D:3      | Noticed balagan2's ghost (amateur GnHs)
  2162 | D:3      | Succumbed to a water moccasin's poison

Illustrated notes

Levels and vault maps discovered:
D:1:      mushboom_english_gardens, layout_basic, serial_aquarium,
          aquarium_bridge_island_large [aquarium_subvault_large_water,
          aquarium_subvault_bridge, aquarium_subvault_window,
          aquarium_subvault_wall, aquarium_subvault_balcony],
          aquarium_bridge_straight [aquarium_subvault_bridge,
          aquarium_subvault_balcony, aquarium_subvault_bridge,
          aquarium_subvault_wall], aquarium_window_double, aquarium_window_1,
          aquarium_window_2, aquarium_view_2d, aquarium_view_2b,
          aquarium_pool_five, dreamdust_ecumenical_altar_angels_and_demons
D:2:      layout_rooms, serial_shops, nicolae_shop_trees,
          nicolae_shop_behind_doors, nicolae_shop_crystal
D:3:      layout_rooms, gammafunk_ghost_cemetery, st_stairs_8,
          minmay_misc_feat_diagonals, uniq_jessica

Skill      XL: |  1  2  3 |
---------------+----------+-----
Dodging        | 3 |  3.2
Long Blades    | 3 |  3.0
Armour         | 1 |  1.4
Evocations     | 1 |  1.3
Stealth        | 1 |  1.2
Fighting       | |  2.5
Axes           | |  0.5
Throwing       | |  1.7

Action                     |  1- 3 |  4- 6 || total
---------------------------+-------+-------++-------
  Melee: Long sword        |   128 |       ||   128
         War axe           |     3 |    29 ||    32
         Touch             |       |     5 ||     5
  Throw: Throwing net      |       |     3 ||     3
 Invoke: Sacrifice Arcana  |     1 |       ||     1
    Use: Potion            |       |     2 ||     2
   Stab: Sleeping          |     2 |       ||     2
 Armour: Leather armour    |    84 |     7 ||    91
         Ring mail         |       |    19 ||    19
         Skin              |       |     1 ||     1
  Dodge: Dodged            |   115 |    18 ||   133

Table legend: (Time is in decaauts)
 A = Elapsed time spent in this place.
 B = Non-inter-level travel time spent in this place.
 C = Inter-level travel time spent in this place.
 D = Time resting spent in this place.
 E = Time spent auto-exploring this place.
 F = Levels seen in this place.
 G = Mean time per level.
                   A        B        C        D        E       F      G
               +--------+--------+--------+--------+--------+-----+--------+
         Total |   2208 |   2149 |     59 |      0 |   1612 |   3 |  736.0 |
       Dungeon |   2208 |   2149 |     59 |      0 |   1612 |   3 |  736.0 |
               +--------+--------+--------+--------+--------+-----+--------+

Top non-repeatable levels by time:
     D:1: 1220 daAuts
     D:2: 684 daAuts
     D:3: 303 daAuts
